 Dungeon Crawl Stone Soup version 0.30-b1-2-g02819fbbbe (webtiles) character file.

Game seed: 9781804253066194538

159 suse60 the Trooper (level 5, 0/47 HPs)
             Began as a Draconian Berserker on Nov 30, 2023.
             Was a Priest of Trog.
             Splashed by a jelly's acid (5 damage)
             ... on level 3 of the Dungeon.
             The game lasted 00:13:32 (2913 turns).

suse60 the Trooper (Draconian Berserker)            Turns: 2913, Time: 00:13:33

Health: 0/47       AC:  9    Str: 21    XL:     5   Next: 17%
Magic:  5/5        EV: 12    Int:  8    God:    Trog [***...]
Gold:   188        SH:  0    Dex: 10    Spells: 4/4 levels left

rFire   . . .        a - +1 hand axe (protect)
rCold   . . .        (no shield)
rNeg    . . .        (body armour unavailable)
rPois   .            (helmet restricted)
rElec   .            c - +0 cloak
rCorr   .            (no gloves)
SInv    .            (no boots)
Will    .....        (no amulet)
Stlth   +            (no ring)
HPRegen 0.27/turn    (no ring)
MPRegen 0.09/turn

%: no passive effects
@: corroded, under a protective aura
A: AC +5, unfitting armour, cold-blooded
a: Renounce Religion, Berserk, Trog's Hand


You were on level 3 of the Dungeon.
You worshipped Trog.
Trog was most pleased with you.
You visited 1 branch of the dungeon, and saw 4 of its levels.

You collected 188 gold pieces.

Inventory:

Hand Weapons
 a - a +1 hand axe of protection (weapon)
Armour
 c - a +0 cloak (worn)
Jewellery
 b - the amulet of Elemental Vulnerability {rPois rF-- rC-- AC+8}
   (You found it on level 2 of the Dungeon)

   [amulet of nothing]

   AC:        It affects your AC (+8).
   rF:        It makes you very vulnerable to fire.
   rC:        It makes you very vulnerable to cold.
   rPois:     It protects you from poison.
Wands
 h - a wand of paralysis (8)
Scrolls
 e - 2 scrolls of identify
 i - a scroll of summoning {unknown}
Potions
 d - a potion of ambrosia
 j - a potion of resistance {unknown}


   Skills:
 + Level 4.6 Fighting
 + Level 4.1 Axes
 + Level 3.7 Dodging


You had 4 spell levels left.
You didn't know any spells.
Your spell library was empty.

Dungeon Overview and Level Annotations

Branches:
Dungeon (4/15)
 Temple: D:4-7

Altars:


Innate Abilities, Weirdness & Mutations

Your plain brown scales are hard. (AC +5)
You cannot fit into any form of body armour.
You are cold-blooded and may be slowed by cold attacks.


Message History

The ball python closely misses you. The ball python barely misses you.
You have reached level 5!
The ball python attacks as you move away!
The ball python barely misses you. The ball python closely misses you.
The orc priest invokes the aid of Beogh against you.
Beogh smites you!
* * * LOW HITPOINT WARNING * * *
A kobold comes into view. It is wielding a +0 whip.
You barely miss the ball python. The ball python barely misses you.
The ball python grabs you. The ball python constricts you.
The ball python bites you but does no damage.
The ball python constricts you.
You escape the ball python's grasp.
There is a stone staircase leading up here.
The ball python bites you but does no damage.
The ball python grabs you.
You stop ascending the stairs.
The ball python constricts you.
You hit the ball python.
Your weapon exudes an aura of protection.
The ball python is severely wounded.
The ball python closely misses you. The ball python constricts you.
You hit the ball python.
You kill the ball python!
Trog accepts your kill.
You hit the jelly.
Your hands burn!
* * * LOW HITPOINT WARNING * * *
The jelly hits you but does no damage.
The orc priest mumbles some strange prayers to Beogh against you.
Something writhes in agony!
The jelly barely misses you.
You climb upwards.
Reactivating autopickup.
There is a stone staircase leading down here.
You hit the jelly.
Your weapon exudes an aura of protection.
Your hands burn!
* * * LOW HITPOINT WARNING * * *
The jelly is moderately wounded.
The jelly hits you but does no damage.
You hit the jelly. The acid corrodes you!
Your hands burn!
You die...

##...##..........#.#############
.#.####.######.#...............#
.#.####.# #.#.#.###########.#
.#....#.# #.#.#.# #.#
.####.#.######.#.#.# #.#
..>............#.#.# #.#
################.#.# #^# ......#
#.#.# #.# #####.# #@#.# #.#
#####.#### #J#.# #.#
#........#######.#.# #.#
..............>#.#†# #.#
.................#.# #.#
......###........#.# #.#
......##.........#.# #.#
.....###.........#.# #.# .....#
#.........#.# #.#


You could see a jelly.

Vanquished Creatures
  An orc priest (D:4)
  3 adders
  5 worms
  A dart slug (D:3)
  2 orcs (D:3)
  6 bats
  7 endoplasms
  4 giant cockroaches
  6 goblins
  4 hobgoblins
  3 quokkas (D:2)
  12 ball pythons
  8 frilled lizards
  10 kobolds
  11 rats
83 creatures vanquished.

Notes
Turn   | Place    | Note
-------+----------+-------------------------------------------
     0 | D:1      | suse60 the Draconian Berserker began the quest for the Orb.
     0 | D:1      | Reached XP level 1. HP: 19/19 MP: 1/1
   165 | D:1      | Reached XP level 2. HP: 24/26 MP: 2/2
   803 | D:1      | Reached ** piety under Trog
   937 | D:2      | Reached XP level 3. HP: 33/33 MP: 3/3
  1339 | D:2      | Found the amulet of Elemental Vulnerability {rPois rF--
                  | rC-- AC+8}
  1485 | D:2      | Reached XP level 4. HP: 40/40 MP: 4/4
  1806 | D:3      | Reached *** piety under Trog
  2552 | D:3      | Found a faded altar of an unknown god.
  2763 | D:4      | Noticed a scorpion
  2885 | D:4      | Noticed a bullfrog
  2896 | D:4      | Reached XP level 5. HP: 17/47 MP: 5/5
  2913 | D:3      | Splashed by a jelly's acid

Illustrated notes

Levels and vault maps discovered:
D:1:      scummos_arrival_checkerplants, layout_basic
D:2:      layout_basic, kennysheep_generic_room_12
D:3:      layout_basic, basic_ecumenical_altar
D:4:      minmay_octagon_keep, layout_rooms, mainiacjoe_overflow_tiny_flanked,
          mainiacjoe_overflow_catch_the_wave, uniq_blork_the_orc

Skill      XL: |  1  2  3  4 |
---------------+-------------+-----
Dodging        | 3 |  3.7
Fighting       | 4 |  4.6
Axes           | 4 |  4.1

Action                     |  1- 3 |  4- 6 || total
---------------------------+-------+-------++-------
  Melee: Hand axe          |   139 |   113 ||   252
         Tailslap          |    17 |    21 ||    38
         Punch             |       |     1 ||     1
    Use: Scroll            |     3 |     6 ||     9
   Stab: Sleeping          |     2 |       ||     2
 Armour: Skin              |    42 |    41 ||    83
  Dodge: Dodged            |    76 |    57 ||   133
